 Dungeon Crawl Stone Soup version 0.31-a0-331-geda263fcf1 (webtiles) character file.

Game seed: 2090300095693854348

29 holysushi the Changeling (level 3, -2/24 HPs)
             Began as an Octopode Shapeshifter on July 19, 2023.
             Slain by a gnoll
             ... wielding a +0 flail
              (4 damage)
             ... on level 2 of the Dungeon.
             The game lasted 00:00:36 (866 turns).

holysushi the Changeling (Octopode Shapeshifter)     Turns: 866, Time: 00:00:36

Health: -2/24      AC:  1    Str: 14    XL:     3   Next: 16%
Magic:  3/3        EV: 13    Int: 10    God:
Gold:   37         SH:  0    Dex: 14    Spells: 2/2 levels left

rFire   . .          .
                       - Unarmed
rCold   . . .        (no shield)
rNeg    . . .        (helmet currently unavailable)
rPois   .            (no amulet)
rElec   .            (no ring)
rCorr   .            (no ring)
SInv    .            (no ring)
Will    .....        (no ring)
Stlth   ++           (no ring)
HPRegen 0.24/turn    (no ring)
MPRegen 0.08/turn    (no ring)
                     (no ring)

%: no passive effects
@: beast-form, hasted, very quick
A: beast (slay +2), almost no armour, amphibious, 8 rings, camouflage 1,
gelatinous body 1, (nimble swimmer 1), tentacles
a: Begin Untransformation


You were on level 2 of the Dungeon.
You were a hulking beast.
You visited 1 branch of the dungeon, and saw 2 of its levels.

You collected 37 gold pieces.

Inventory:

Jewellery
 d - a +5 ring of evasion
Talismans
 b - a beast talisman
Scrolls
 c - 3 scrolls of identify {unknown}
 h - a scroll of poison {unknown}
Potions
 a - a potion of lignification
 f - a potion of heal wounds {unknown}
 g - 2 potions of curing {unknown}
 i - a potion of brilliance {unknown}


   Skills:
 - Level 2.0 Fighting
 + Level 2.6 Dodging
 + Level 2.5 Unarmed Combat
 + Level 3.3 Shapeshifting


You had 2 spell levels left.
You didn't know any spells.
Your spell library was empty.

Dungeon Overview and Level Annotations

Branches:
Dungeon (2/15) Zot: 11134

Altars:


Innate Abilities, Weirdness & Mutations

You are a hulking beast.
Your limbs bulge with bestial killing power. (Slay +2)
You cannot wear most types of armour.
You are amphibious.
You can wear up to eight rings at the same time.
Your skin changes colour to match your surroundings (Stealth+).
Your rubbery body absorbs attacks. (AC +1, EV +1)
((You are camouflaged when in or above water. (Stealth+)))
You have tentacles for arms and can constrict up to eight enemies at once.


Message History

Your squeeze misses the hobgoblin.
The hobgoblin is moderately wounded.
The hobgoblin hits you.
Found a stone staircase leading up.
The hobgoblin hits you. The hobgoblin closely misses you.
You tentacle-slap the hobgoblin. You grab the hobgoblin.
The hobgoblin is almost dead.
You constrict the hobgoblin.
You kill the hobgoblin!
You see here a hobgoblin corpse.
A ball python is nearby!
You barely miss the ball python. You grab the ball python.
You constrict the ball python. The ball python bites you.
The ball python grabs you. The ball python constricts you.
You tentacle-slap the ball python.
You kill the ball python!
No target in view!
No target in view!
Found a leather armour.
No target in view!
You see here 9 stones.
A gnoll and a worm come into view.
There are monsters nearby! 2 gnolls come into view.
There are monsters nearby!
The gnoll shouts!
There are monsters nearby!
The gnoll shouts!
You tentacle-slap the worm. Your grab misses the worm.
Your squeeze misses the worm.
The worm is moderately wounded.
You tentacle-slap the worm. Your grab misses the worm.
The worm is heavily wounded.
The worm bites you! The gnoll attacks as you move away!
The gnoll hits you with a +0 flail!
Ouch! That really hurt!
* * * LOW HITPOINT WARNING * * *
It was a potion of haste.
You feel yourself speed up. The gnoll hits you with a +0 flail.
You die...

...........#.<#......###.#
...........#..#.#........#
....########..#.##...#####
#.... .....#......# #.###
#........##.# #.
........(##.##### #.
##........##......
###.......#......
#.#..hgg.g.....
#.#.###w....... . #.
#......[.. #. #.##......
.. .##### ### .. ... ...
...


You could see a worm and 3 gnolls.

Vanquished Creatures
  An adder (D:2)
  A worm (D:2)
  A ball python (D:2)
  4 bats (D:1)
  A goblin (D:1)
  A hobgoblin (D:2)
  4 jackals (D:1)
  A frilled lizard (D:2)
  A kobold (D:1)
  2 rats (D:1)
17 creatures vanquished.

Notes
Turn   | Place    | Note
-------+----------+-------------------------------------------
     0 | D:1      | holysushi the Octopode Shapeshifter began the quest for the
                  | Orb.
     0 | D:1      | Reached XP level 1. HP: 14/14 MP: 1/1
   520 | D:1      | Reached XP level 2. HP: 19/19 MP: 2/2
   768 | D:2      | Reached XP level 3. HP: 15/24 MP: 3/3
   865 | D:2      | HP: 1/24 [gnoll/+0 flail (13)]
   866 | D:2      | Slain by a gnoll

Illustrated notes

Levels and vault maps discovered:
D:1:      psy_arrival_whirlpool, layout_basic
D:2:      layout_basic

Action                     || total
---------------------------++-------
  Melee: Unarmed           ||    37
         Constrict         ||     9
         Tentacles         ||     7
         Punch             ||     1
    Use: Potion            ||     1
   Stab: Sleeping          ||     1
 Armour: Skin              ||     4
  Dodge: Dodged            ||    23

Table legend: (Time is in decaauts)
 A = Elapsed time spent in this place.
 B = Non-inter-level travel time spent in this place.
 C = Inter-level travel time spent in this place.
 D = Time resting spent in this place.
 E = Time spent auto-exploring this place.
 F = Levels seen in this place.
 G = Mean time per level.
                   A        B        C        D        E       F      G
               +--------+--------+--------+--------+--------+-----+--------+
         Total |    864 |    841 |     23 |     70 |    634 |   2 |  432.0 |
       Dungeon |    864 |    841 |     23 |     70 |    634 |   2 |  432.0 |
               +--------+--------+--------+--------+--------+-----+--------+

Top non-repeatable levels by time:
     D:1: 713 daAuts
     D:2: 151 daAuts
